 Dungeon Crawl Stone Soup version 0.29-a0-474-gdfe5cd140f (webtiles) character file.

Game seed: 2613784386937669041

58 Linklo the Sneak (level 3, 0/17 HPs)
             Began as a Spriggan Fire Elementalist on May 23, 2022.
             Was a High Priest of Ignis.
             Succumbed to a scorpion's poison
             ... on level 3 of the Dungeon.
             The game lasted 00:22:52 (3120 turns).

Linklo the Sneak (Spriggan Fire Elementalist)       Turns: 3120, Time: 00:22:53

Health: 0/17       AC:  2    Str:  4    XL:     3   Next: 76%
Magic:  7/8        EV: 17    Int: 18    God:    Ignis [*****.]
Gold:   171        SH:  0    Dex: 15    Spells: 7/8 levels left

rFire   + + .      SeeInvis +   f - +0 mace
rCold   + . .      Faith    .   (no shield)
rNeg    . . .      Spirit   .   a - +0 robe
rPois   .          Reflect  .   (helmet restricted)
rElec   .          Harm     .   n - scarf {rC+ rF+}
rCorr   .          Rampage  .   (gloves unavailable)
Will    .....                   (boots unavailable)
Stlth   ++........              (no amulet)
HPRegen 0.05/turn               (no ring)
MPRegen 0.11/turn               (no ring)

@: lethally poisoned (0 -> -2), very quick
A: very small, no large weapons, unfitting armour, see invisible, speed 3
a: Renounce Religion, Fiery Armour, Foxfire Swarm, Rising Flame


You were on level 3 of the Dungeon.
You worshipped Ignis.
Ignis was extremely pleased with you.
You visited 1 branch of the dungeon, and saw 3 of its levels.

You collected 171 gold pieces.

Inventory:

Hand Weapons
 f - a +0 mace (weapon)
Missiles
 g - 11 poisoned darts
Armour
 a - a +0 robe (worn)
 n - a scarf of resistance (worn)
Scrolls
 c - 3 scrolls of identify {unknown}
 e - 3 scrolls of blinking {unknown}
 i - a scroll of silence {unknown}
 j - a scroll of fear {unknown}
 k - 5 scrolls of teleportation {unknown}
Potions
 d - a potion of degeneration {unknown}
 h - 2 potions of heal wounds {unknown}
 l - a potion of lignification {unknown}
 m - 2 potions of berserk rage {unknown}
 o - a potion of might {unknown}


   Skills:
 + Level 0.4 Fighting
 + Level 0.3 Maces & Flails
 + Level 3.0 Dodging
 + Level 3.3 Stealth
 + Level 0.4 Unarmed Combat
 + Level 3.1 Spellcasting
 + Level 1.1 Conjurations
 + Level 3.0 Fire Magic


You had 7 spell levels left.
You knew the following spells:

 Your Spells              Type           Power      Damage    Failure   Level
a - Foxfire               Conj/Fire      40%        2x1d6     7%          1

Your spell library contained the following spells:

 Spells                   Type           Power      Damage    Failure   Level
 Scorch                   Fire           26%        2d6       7%          2
 Shock                    Conj/Air       16%        1d4       13%         1
 Conjure Flame            Conj/Fire      10%        6-21      21%         3
 Inner Flame              Hex/Fire       8%         N/A       26%         3
 Swiftness                Air            2%         N/A       43%         3
 Flame Wave               Conj/Fire      10%        2d5       56%         4
 Hailstorm                Conj/Ice       4%         3d4       77%         4
 Airstrike                Air            1%         N/A       85%         4
 Ice Form                 Ice/Tmut       2%         N/A       85%         4
 Simulacrum               Ice/Necr       1%         N/A       100%        6


Dungeon Overview and Level Annotations

Branches:
Dungeon (3/15)

Altars:
Ignis


Innate Abilities, Weirdness & Mutations

You are very small and have problems with some larger weapons.
You are too small for most types of armour.
You have supernaturally acute eyesight. (SInv)
You cover ground extremely quickly. (Speed+++)


Message History

Moving in this stuff is going to be slow.
Found an escape hatch in the floor.
A rat comes into view.
You conjure some foxfire!
The foxfire hits the rat.
You kill the rat!
Your foxfire dissipates!
You see here a rat corpse.
A scorpion comes into view.
Found a scroll labelled SAUP KODUTU.
You conjure some foxfire!
The scorpion misses you.
You closely miss the scorpion.
The foxfire hits the scorpion.
The scorpion is lightly wounded.
The foxfire hits the scorpion but does no damage.
The scorpion is lightly wounded.
The scorpion completely misses you. x2
You barely miss the scorpion. The scorpion stings you.
You are lethally poisoned!
The scorpion poisons you!
You feel sick.
You feel sick. The scorpion barely misses you.
You are too injured to fight recklessly!
You feel sick.
You feel sick.
* * * LOW HITPOINT WARNING * * *
You feel sick.
* * * LOW HITPOINT WARNING * * *
You feel sick.
* * * LOW HITPOINT WARNING * * *
You feel sick.
* * * LOW HITPOINT WARNING * * *
You feel sick. Magic courses through your body.
* * * LOW HITPOINT WARNING * * *
You feel sick.
You are too injured to fight recklessly!
Casting: Foxfire (safe; 7% risk of failure)
Confirm with . or Enter, or press ? or * to list all spells.
You conjure some foxfire!
You die...

#.##†.....#≈≈≈≈≈≈≈
#.##.#...#####≈≈≈≈
#.##.##### #####
#.##.# #.##.#####
#.##.....#
#.######.########
#v######.........
#@vs.........?###
#############....
###


You could see a scorpion (ally target).

Vanquished Creatures
  2 worms (D:2)
  2 dart slugs
  2 orcs (D:3)
  5 endoplasms
  A giant cockroach (D:1)
  3 goblins
  5 hobgoblins
  4 jackals
  2 kobolds (D:2)
  A quokka (D:1)
  A ball python (D:1)
  2 bats
  5 frilled lizards
  11 rats
  A toadstool (D:2)
47 creatures vanquished.

Vanquished Creatures (others)
  97 foxfires
  4 toadstools (D:2)
101 creatures vanquished.

Grand Total: 148 creatures vanquished

Notes
Turn   | Place    | Note
-------+----------+-------------------------------------------
     0 | D:1      | Linklo the Spriggan Fire Elementalist began the quest for
                  | the Orb.
     0 | D:1      | Reached XP level 1. HP: 9/9 MP: 5/5
   225 | D:1      | Reached XP level 2. HP: 13/13 MP: 4/6
  1158 | D:2      | Reached XP level 3. HP: 16/16 MP: 3/8
  1493 | D:1      | Reached skill level 1 in Conjurations
  1787 | D:1      | Found a faded altar of an unknown god.
  1803 | D:1      | Prayed at the altar of an unknown god.
  1803 | D:1      | Became a worshipper of Ignis, the Dying Flame
  3102 | D:3      | Noticed a scorpion
  3120 | D:3      | Succumbed to a scorpion's poison

Illustrated notes

Levels and vault maps discovered:
D:1:      evilmike_arrival_crescent, layout_basic,
          dreamdust_ecumenical_altar_hidden_monk_grotto, chequers_mini_garden,
          amcnicky_mini_rare_corridor_liquid, nicolae_figureground_sparkle
D:2:      layout_basic, minmay_gold_behind_fungi
D:3:      wander_river, layout_loops_ring, kennysheep_generic_room_12,
          uniq_sigmund, uniq_natasha

Skill      XL: |  1  2  3 |
---------------+----------+-----
Spellcasting   | 3 |  3.1
Dodging        | 3 |  3.0
Fire Magic     | 3 |  3.0
Conjurations   | 1 |  1.1
Fighting       | |  0.4
Maces & Flails | |  0.3
Stealth        | |  3.3
Unarmed Combat | |  0.4

Action                   || total
-------------------------++-------
Melee: Unarmed           ||    12
       Mace              ||    37
Throw: Throwing net      ||     1
 Cast: Foxfire           ||    77
  Use: Potion            ||     1
 Stab: Sleeping          ||     3
Dodge: Dodged            ||    52

Table legend: (Time is in decaauts)
 A = Elapsed time spent in this place.
 B = Non-inter-level travel time spent in this place.
 C = Inter-level travel time spent in this place.
 D = Time resting spent in this place.
 E = Time spent auto-exploring this place.
 F = Levels seen in this place.
 G = Mean time per level.
                   A        B        C        D        E       F      G
               +--------+--------+--------+--------+--------+-----+--------+
         Total |   2177 |   1542 |    635 |    383 |    573 |   3 |  725.7 |
       Dungeon |   2177 |   1542 |    635 |    383 |    573 |   3 |  725.7 |
               +--------+--------+--------+--------+--------+-----+--------+

Top non-repeatable levels by time:
     D:1: 1109 daAuts
     D:2: 874 daAuts
     D:3: 192 daAuts
